 Dungeon Crawl Stone Soup version 0.23.1-37-gaa34b87 (webtiles) character file.

Game seed: 7444135818906239869

102 nuthulu the Chopper (level 4, -2/35 HPs)
             Began as a Demonspawn Gladiator on Mar 23, 2019.
             Killed by divine providence
             ... invoked by an orc priest
              (16 damage)
             ... on level 3 of the Dungeon.
             The game lasted 00:02:16 (1479 turns).

nuthulu the Chopper (Demonspawn Gladiator)          Turns: 1479, Time: 00:02:17

Health: -2/35      AC:  6    Str: 16    XL:     4   Next: 50%
Magic:  4/4        EV: 11    Int:  9    God:
Gold:   100        SH:  0    Dex: 14    Spells: 3/3 levels left

rFire    . . .     SeeInvis .   a - +0 war axe
rCold    . . .     Gourm    .   (no shield)
rNeg     . . .     Faith    .   e - +0 scale mail
rPois    .         Spirit   .   (helmet restricted)
rElec    .         Reflect  .   (no cloak)
rCorr    .         Harm     .   (no gloves)
MR       .....                  (no boots)
Stlth    ..........             (no amulet)
HPRegen  0.11/turn              (no ring)
MPRegen  0.09/turn              (no ring)

@: no status effects
A: horns 1, demonic guardian 1
a: no special abilities


You were on level 3 of the Dungeon.
You were not hungry.

You visited 1 branch of the dungeon, and saw 3 of its levels.

You collected 100 gold pieces.

Inventory:

Hand Weapons
 a - a +0 war axe (weapon)
Missiles
 d - 3 throwing nets (quivered)
Armour
 b - a +0 leather armour
 c - a +0 helmet
 e - a +0 scale mail (worn)
Jewellery
 m - a +3 ring of dexterity
Scrolls
 l - a scroll of remove curse
Potions
 g - 2 potions of curing
 i - a potion of flight
 j - 2 potions of heal wounds
 k - a potion of might {unknown}
Comestibles
 f - 5 rations
 h - 2 chunks of flesh


   Skills:
 + Level 3.1 Fighting
 + Level 3.6 Axes
 - Level 1.7 Throwing
 + Level 3.5 Dodging


You had 3 spell levels left.
You didn't know any spells.
Your spell library was empty.

Dungeon Overview and Level Annotations

Branches:
Dungeon (3/15)

Altars:


Innate Abilities, Weirdness & Mutations

You have a pair of small horns on your head.
A weak demonic guardian rushes to your aid.


Message History

The orc priest looks braver for a moment.
The orc closely misses you.
You barely miss the orc. You headbutt the orc.
You kill the orc!
You slash the orc!
You kill the orc!
Something hits you.
You closely miss something. You headbutt something!
You hear some strange, mumbled words.
A puff of flame appears from out of thin air!
The puff of flame hits you. Something hits you but does no damage.
You miss something.
Your ufetubus disappears in a puff of smoke!
Something hits you but does no damage. Something hits you.
You miss something. Something hits you. x2
You miss something. Something completely misses you.
Something hits you but does no damage.
The orc priest calls down the wrath of Beogh upon you.
Beogh smites you!
You die...

#####
......########
.......oo{@..#
......######.#
##### #.# #.# ##
#.# #< #.# #.
#.# #.
#.#############.
#...............


You could see an orc priest and an orc.

Vanquished Creatures
  Terence (D:2)
  An adder (D:2)
  A worm (D:2)
  2 orcs (D:3)
  3 giant cockroaches
  5 goblins
  5 hobgoblins
  2 kobolds (D:2)
  9 bats
  3 frilled lizards
  5 rats
37 creatures vanquished.

Vanquished Creatures (collateral kills)
  A scorpion (D:2)
  A rat (D:2)
2 creatures vanquished.

Grand Total: 39 creatures vanquished

Notes
Turn   | Place    | Note
-------+----------+-------------------------------------------
     0 | D:1      | nuthulu the Demonspawn Gladiator began the quest for the
                  | Orb.
     0 | D:1      | Reached XP level 1. HP: 16/16 MP: 1/1
   309 | D:1      | Gained mutation: A weak demonic guardian rushes to your
                  | aid. [demonic ancestry]
   309 | D:1      | Reached XP level 2. HP: 16/22 MP: 2/2
   794 | D:2      | Noticed a scorpion
   800 | D:2      | Killed a scorpion
   800 | D:2      | Reached XP level 3. HP: 28/28 MP: 3/3
   983 | D:2      | Noticed Terence
   995 | D:2      | Killed Terence
   995 | D:2      | Gained mutation: You have a pair of small horns on your
                  | head. [demonic ancestry]
   995 | D:2      | Reached XP level 4. HP: 27/35 MP: 4/4
  1479 | D:3      | Killed from afar by an orc priest

Skill      XL: |  1  2  3 |
---------------+----------+-----
Axes           | 3 |  3.6
Dodging        | 3 |  3.5
Fighting       | 3 |  3.1
Throwing       | |  1.7

Action                   |  1- 3 |  4- 6 || total
-------------------------+-------+-------++-------
Melee: War axe           |    49 |    44 ||    93
       Headbutt          |       |     8 ||     8
  Use: Scroll            |     4 |     2 ||     6
  Eat: Chunk             |       |     2 ||     2
Armor: Leather armour    |    18 |       ||    18
       Scale mail        |       |    31 ||    31
Dodge: Dodged            |    28 |    30 ||    58
